 Dungeon Sprint DCSS version 0.19.0-24-gb05acd6 (webtiles) character file.

951 equalderp2856 the Gouger (level 7, -4/29 HPs)
             Began as a Felid Fighter on Nov 21, 2016.
             Slain by a polar bear (18 damage)
             ... in the Dungeon (Sprint II: "The Violet Keep of Menkaure").
             The game lasted 00:03:31 (528 turns).

equalderp2856 the Gouger (Felid Fighter)             Turns: 528, Time: 00:03:31

Health: -4/29      AC:  2    Str: 11    XL:     7   Next: 90%
Magic:  8/8        EV: 27    Int: 10    God:
Gold:   972        SH:  0    Dex: 16    Spells: 0 memorised, 6 levels left
                                        Lives:  0   Deaths: 2

rFire  . . .     SeeInvis +       - Unarmed
rCold  . . .     Gourm    .     (armour unavailable)
rNeg   . . .     Faith    .     (shield unavailable)
rPois  .         Spirit   .     (helmet unavailable)
rElec  .         Reflect  .     (cloak unavailable)
rCorr  .         Harm     .     (gloves unavailable)
MR     +....     NoTele   +     (boots unavailable)
Stlth  +++++.....               (no amulet)
                                (no ring)
                                (no ring)

@: quick
A: no armour, no weapons or thrown items, stealth, claws 1, fangs 3, see
invisible, carnivore 3, speed 1, frail 2, shaggy fur 2, slow metabolism 1, weak
1, sharp paws
a: no special abilities


You were in the Dungeon.
You were not hungry.

You visited 1 branch You collected 972 gold pieces.

Inventory:

Scrolls
 h - a scroll of blinking
Potions
 f - 2 potions of magic
Comestibles
 b - a meat ration


   Skills:
 + Level 8.0 Fighting
 + Level 11.3 Dodging
 * Level 10.7 Stealth
 + Level 14.4 Unarmed Combat


You had 6 spell levels left.
You didn't know any spells.

Dungeon Overview and Level Annotations

Branches:
Dungeon (1/1)

Altars:
Cheibriados
Dithmenos
Elyvilon
Fedhas
Gozag
Hepliaklqana
Kikubaaqudgha
Makhleb
Nemelex Xobeh
Okawaru
Qazlal
Ru
Sif Muna
Trog
Uskayaw
Vehumet
Xom
Yredelemnul
Zin
The Shining One
Beogh
Jiyva
Lugonu

Shops:
D [}?!![=:=:%

Annotations:
D exclusion: ice statue


Innate Abilities, Weirdness & Mutations

You cannot wear armour.
You are incapable of wielding weapons or throwing items.
Your paws allow you to move quietly. (Stealth)
You have sharp claws.
You have razor-sharp teeth.
You have supernaturally acute eyesight. (SInv)
You are carnivorous and can eat meat at any time.
You cover ground quickly.
You are covered in thick fur. (AC +2)
You have a slow metabolism.
Your sharp claws are effective at attacking unaware monsters.
You are very frail. (-20% HP)
You are weak. (Str -2)


Message History

The polar bear is moderately wounded.
The polar bear misses you.
The polar bear completely misses you. x2
You claw the polar bear! Your claw misses the polar bear.
The polar bear is severely wounded.
You claw the polar bear!
You kill the polar bear!
Your Fighting skill increases to level 8!
The polar bear is engulfed in a cloud of scalding steam.
You scratch the polar bear.
The polar bear is lightly wounded.
You scratch the polar bear but do no damage.
You bite the polar bear, but do no damage.
The polar bear is lightly wounded.
The polar bear bites you but does no damage.
The polar bear completely misses you. The polar bear claws you.
The polar bear bites you. The polar bear barely misses you.
The polar bear claws you. The polar bear bites you!!
Ouch! That really hurt!
You die...

...####..## #..# $#▓)(?%$$%!▓▓
#'###.##..# +..# .#▓$=)(?!)$▓▓
#.##.#.#..# #..# .#▓$?(=(?)%▓
.<.'.##+..####..##.#▓)?)!(?(?
#.##..##....###...##▓▓▓▓▓▓▓+▓▓
#'###.##......≈≈≈≈≈≈≈≈≈≈≈≈≈..
#.†####≈≈....§≈#h########+###
##..#§§≈≈≈≈≈..§#.h.(._._#t≈§##
#.##≈§≈§≈≈§§.≈#@..._._(#t§≈§#
#+##≈≈§≈§≈≈≈§§≈#..._._._#§§§§§
≈≈≈≈≈≈≈§≈§§§≈§≈#.._._._.#§§≈§§§
+#+++#≈§§≈≈§≈§≈#._._._._#≈≈§§§§


zzz§ ##§≈≈###§≈#_(_._._.#≈≈§§§t zzz§.§##≈≈# #§§#(_._._..#≈≈§§≈≈ §§§...§+≈§#
#≈§#.._._...#≈≈§≈▓▓ zz§§§§## ≈≈≈≈§§##########§§§≈▓z ..§z§##
#######≈≈≈≈≈≈≈≈≈§§§≈▓z You could see 2 polar bears.

Vanquished Creatures
  A siren (D)
  A yaktaur (D)
  A hornet (D)
  A polar bear (D)
  4 neqoxecs (D)
  Menkaure (D)
  A crocodile (D)
  4 worker ants (D)
  2 worms (D)
16 creatures vanquished.

Notes
Turn   | Place    | Note
-------+----------+-------------------------------------------
     0 | D        | equalderp2856 the Felid Fighter began the quest for the Orb.
     0 | D        | Reached XP level 1. HP: 10/10 MP: 2/2
     2 | D        | Noticed a neqoxec
     2 | D        | Noticed a neqoxec
     2 | D        | Noticed a neqoxec
     2 | D        | Noticed a neqoxec
     4 | D        | Gained mutation: You are frail. (-10% HP) [a neqoxec]
     7 | D        | Noticed a quasit
     8 | D        | Killed a neqoxec
     8 | D        | Reached skill level 5 in Fighting
     8 | D        | Reached skill level 8 in Unarmed Combat
     8 | D        | Reached XP level 2. HP: 14/14 MP: 3/3
     8 | D        | Reached XP level 3. HP: 17/17 MP: 4/4
     8 | D        | Reached XP level 4. HP: 20/20 MP: 5/5
    15 | D        | Gained mutation: You are very frail. (-20% HP) [a neqoxec]
    20 | D        | Killed a neqoxec
    20 | D        | Reached skill level 10 in Unarmed Combat
    20 | D        | Reached XP level 5. HP: 21/21 MP: 6/6
    20 | D        | Gained mutation: You are covered in thick fur. (AC +2) [Felid growth]
    20 | D        | Reached XP level 6. HP: 24/24 MP: 7/7
    25 | D        | Killed a neqoxec
    25 | D        | Reached skill level 11 in Unarmed Combat
    26 | D        | Gained mutation: You are weak. (Str -2) [a neqoxec]
    34 | D        | Killed a neqoxec
    34 | D        | Reached XP level 7. HP: 20/28 MP: 8/8
   206 | D        | Noticed a siren
   218 | D        | Killed a siren
   218 | D        | Reached skill level 10 in Dodging
   218 | D        | Reached skill level 12 in Unarmed Combat
   407 | D        | Noticed an ice statue
   409 | D        | Noticed Menkaure
   413 | D        | Found Xousiw's Book Shoppe.
   413 | D        | Found Mimu's Food Emporium.
   414 | D        | Killed Menkaure
   414 | D        | Reached skill level 13 in Unarmed Combat
   414 | D        | Reached XP level 8. HP: 32/32 MP: 9/9
   423 | D        | Found Wiyqioda's Book Shoppe.
   423 | D        | Found Caaciale's Jewellery Emporium.
   424 | D        | Found Fap Aby's Antique Armour Shoppe.
   424 | D        | Found Hoepn's Jewellery Emporium.
   425 | D        | Found Utilyka's Distillery.
   425 | D        | Found Voamn's Distillery.
   429 | D        | Found Jaryer's Magic Scroll Shoppe.
   430 | D        | Found Xonuwnon's Antique Armour Emporium.
   430 | D        | Found Refregin's Gadget Shoppe.
   440 | D        | Noticed a flying skull
   444 | D        | Noticed a flying skull
   445 | D        | Noticed a flying skull
   447 | D        | Noticed a flying skull
   447 | D        | Noticed a flying skull
   447 | D        | Noticed a flying skull
   448 | D        | Noticed a flying skull
   448 | D        | Noticed a flying skull
   448 | D        | Noticed a flying skull
   448 | D        | Noticed a flying skull
   449 | D        | Noticed a flying skull
   449 | D        | Noticed a flying skull
   464 | D        | Found a roughly hewn altar of Beogh.
   465 | D        | Found a snail-covered altar of Cheibriados.
   466 | D        | Found a shadowy altar of Dithmenos.
   466 | D        | Found a viscous altar of Jiyva.
   466 | D        | Found a hazy altar of Hepliaklqana.
   467 | D        | Found a white marble altar of Elyvilon.
   467 | D        | Found an ancient bone altar of Kikubaaqudgha.
   467 | D        | Found a sacrificial altar of Ru.
   468 | D        | Found a blossoming altar of Fedhas.
   468 | D        | Found a corrupted altar of Lugonu.
   468 | D        | Found a deep blue altar of Sif Muna.
   469 | D        | Found an opulent altar of Gozag.
   469 | D        | Found a burning altar of Makhleb.
   469 | D        | Found a bloodstained altar of Trog.
   470 | D        | Found a sparkling altar of Nemelex Xobeh.
   470 | D        | Found a hide-covered altar of Uskayaw.
   471 | D        | Found an iron altar of Okawaru.
   471 | D        | Found a radiant altar of Vehumet.
   471 | D        | Found a glowing golden altar of the Shining One.
   471 | D        | Found a glowing silver altar of Zin.
   471 | D        | Noticed a polar bear
   473 | D        | Found a basalt altar of Yredelemnul.
   473 | D        | Noticed a hornet
   474 | D        | Found a stormy altar of Qazlal.
   474 | D        | Found a shimmering altar of Xom.
   474 | D        | Noticed a yaktaur
   476 | D        | Noticed a polar bear
   477 | D        | Noticed a polar bear
   493 | D        | Noticed a flying skull
   493 | D        | Noticed a flying skull
   500 | D        | Shot with a bolt by a yaktaur
   501 | D        | Reached XP level 7. HP: -4/28 MP: 8/8
   503 | D        | Shot with a bolt by a yaktaur
   504 | D        | Reached XP level 6. HP: -12/26 MP: 7/7
   516 | D        | Killed a yaktaur
   516 | D        | Reached skill level 10 in Stealth
   516 | D        | Reached XP level 7. HP: 22/28 MP: 8/8
   522 | D        | Killed a hornet
   522 | D        | Reached skill level 14 in Unarmed Combat
   525 | D        | Killed a polar bear
   528 | D        | Slain by a polar bear

Skill      XL: |  1  2  3  4  5  6  7 |
---------------+----------------------+-----
Fighting       | 5 6 8 |  8.0
Dodging        | 6 8 9 11 | 11.3
Unarmed Combat | 8 10 11 14 | 14.4
Stealth        | 4 10 9 | 10.7

Action                   |  1- 3 |  4- 6 |  7- 9 || total
-------------------------+-------+-------+-------++-------
Melee: Unarmed           |     3 |    27 |    48 ||    78
       Bite              |       |     1 |     5 ||     6
       Punch             |       |       |     4 ||     4
  Use: Potion            |     2 |     1 |     2 ||     5
 Stab: Sleeping          |       |       |     1 ||     1
Armor: Skin              |       |       |     2 ||     2
Dodge: Dodged            |     1 |    32 |    24 ||    57
